AoeStats
← TotillaTheHun

Arena

510084308Analyzed
2v2 RM · 1d ago on Sep 29, 2026· 44m 17s· 4 players
Game mode
Random Map
Map size
Medium (4 player)
Population
200
Speed
Normal
Resources
Standard
Victory
Conquest
Starting age
Dark Age
Ending age
Imperial Age
RankedLock teamsTeams togetherTeam positionsShared explorationLock speedFull tech treeHidden civsTurbo modeCheats
Victory
Defeat
🇺🇸 Vietnamese · United States
1136
+20
🇹🇼 Byzantines · Taiwan
1125
+20
1228
-20
🇨🇳 Inca · China
1228
-20
TotillaTheHun
10:16 Feudal Age
14:28 Castle Age
12:29 Double-Bit Axe
13:10 Horse Collar
15:53 Bow Saw
17:56 Loom
23:20 Wheelbarrow
22:30 Town Watch
23:04 Gold Mining
23:42 Crossbowman
25:15 Fletching
25:25 Padded Archer Armor
28:56 Hand Cart
29:43 Scale Mail Armor
29:53 Forging
30:08 Bodkin Arrow
33:17 Imperial Age
31:40 Town Patrol
31:06 Pikeman
33:21 Ballistics
33:57 Chatras
34:19 Thumb Ring
33:35 Arbalester
34:33 Squires
36:02 Chemistry
35:52 Leather Archer Armor
35:50 Halberdier
37:26 Light Cavalry
38:17 Bloodlines
38:42 Paper Money
38:22 Chatras
39:58 Elite Rattan Archer
41:39 Scale Barding Armor
42:09 Iron Casting
41:35 Bracer
42:05 Ring Archer Armor
43:19 Husbandry
Andre114514
10:01 Feudal Age
13:43 Castle Age
11:49 Double-Bit Axe
13:21 Horse Collar
16:16 Bow Saw
16:41 Loom
19:09 Heavy Plow
21:52 Wheelbarrow
21:17 Loom
23:47 Hand Cart
23:30 Gold Mining
23:30 Stone Mining
25:56 Gold Shaft Mining
28:47 Imperial Age
27:02 Scale Barding Armor
27:08 Forging
28:03 Chain Barding Armor
29:14 Iron Casting
30:30 Plate Barding Armor
29:57 Husbandry
30:17 Logistica
32:21 Chemistry
31:43 Ballistics
31:15 Fletching
32:34 Conscription
31:48 Elite Cataphract
33:50 Ballistics
34:31 Chemistry
33:12 Treadmill Crane
34:36 Fortified Wall
35:31 Chemistry
34:51 Bodkin Arrow
34:59 Elite Skirmisher
35:45 Thumb Ring
35:43 Bracer
35:43 Padded Archer Armor
38:37 Conscription
40:44 Imperial Skirmisher
43:05 Leather Archer Armor
42:48 Murder Holes
42:34 Treadmill Crane
43:42 Bombard Tower
导师不在玩两把
5:47 Double-Bit Axe
10:21 Feudal Age
14:49 Castle Age
13:21 Bow Saw
18:11 Two-Man Saw
22:53 Wheelbarrow
24:41 Horse Collar
26:36 Heavy Plow
27:03 Stone Mining
27:07 Gold Mining
30:22 Imperial Age
27:40 Treadmill Crane
28:43 Stone Shaft Mining
28:54 Gold Shaft Mining
29:33 Hand Cart
29:04 Town Watch
29:05 Loom
28:51 Light Cavalry
30:51 Crop Rotation
31:14 Burgundian Vineyards
31:36 Conscription
32:41 Chemistry
31:06 Cavalier
31:46 Husbandry
33:31 Forging
33:27 Scale Barding Armor
34:00 Masonry
34:19 Elite Skirmisher
35:15 Town Patrol
35:41 Chain Barding Armor
35:57 Iron Casting
35:13 Fletching
35:23 Padded Archer Armor
36:51 Leather Archer Armor
37:04 Bodkin Arrow
38:12 Blast Furnace
38:21 Architecture
38:12 Ballistics
37:48 Murder Holes
38:04 Fortified Wall
38:28 Architecture
38:02 Bracer
40:52 Hoardings
42:59 Plate Barding Armor
Yone
10:41 Feudal Age
14:27 Castle Age
12:29 Double-Bit Axe
15:58 Bow Saw
20:44 Horse Collar
22:13 Heavy Plow
23:11 Wheelbarrow
23:10 Stone Mining
25:32 Hand Cart
25:13 Treadmill Crane
26:23 Gold Mining
29:25 Imperial Age
27:06 Town Watch
27:47 Fortified Wall
27:54 Forging
27:10 Pikeman
28:11 Squires
27:57 Arson
28:48 Fletching
29:42 Bodkin Arrow
29:58 Andean Sling
30:41 Masonry
31:07 Conscription
31:45 Iron Casting
30:43 Halberdier
31:54 Scale Mail Armor
32:30 Padded Archer Armor
32:45 Thumb Ring
35:17 Blast Furnace
34:34 Leather Archer Armor
34:57 Elite Kamayuk
37:17 Chain Mail Armor
39:42 Fabric Shields
41:58 Plate Mail Armor
41:34 Crossbowman
42:16 Bracer
43:18 Chemistry
43:20 Ring Archer Armor
42:36 Arbalester
44:36 Ballistics
Connection lost

Rejoining the realm…

Still unreachable

The connection could not be restored.

Session expired

The server has moved on; the page needs a fresh start.